Map: Inferno Pools (Void)

Players

GOWIN

  • Race: Zerg Zerg

leetpotato

  • Race: Zerg Zerg

Abyss - Winner!

  • Race: Protoss Protoss

Shamanas - Winner!

  • Race: Protoss Protoss

VOD

Have the link to the VOD?

Description

Time

  • Played on: May 1, 2015, 8:10 a.m.
  • Length: 13:49
Show
View Real Time Build Order
Export as new Build Order

GOWIN Zerg 

Build Orders: Hatch First 

Get SALT Encoding   

  12  0:01  Drone  
  13  0:15  Overlord  
  13  0:40  Hatchery  
  12  0:43  Drone  
  13  0:50  Drone  
  13  0:52  Drone  
  15  0:57  Drone  
  16  1:14  Spawning Pool  
  16  1:16  Drone  
  16  1:28  Drone, Extractor  
  16  1:35  Drone  
  16  1:38  Drone  
  18  1:48  Drone  
  19  1:55  Drone  
  19  2:01  Queen x2  
  22  2:04  Drone  
  25  2:18  Drone x3  
  28  2:28  Overlord  
  28  2:31  Metabolic Boost  
  28  2:36  Overlord  
  28  2:55  Hatchery  
  28  2:57  Drone x3  
  30  3:02  Drone x2  
  32  3:09  Drone x3  
  32  3:10  Drone  
  36  3:17  Overlord  
  36  3:22  Queen  
  38  3:33  Roach Warren  
  37  3:38  Extractor  
  37  3:39  Drone x3, Extractor  
  38  3:45  Drone  
  38  3:46  Drone x3  
  42  3:48  Drone x2  
  42  3:49  Drone  
  45  4:00  Overlord  
  45  4:15  Roach x3  
  45  4:16  Roach x3  
  57  4:20  Roach  
  57  4:21  Roach  
  61  4:28  Extractor  
  61  4:29  Drone x2  
  61  4:30  Drone x2  
  64  4:44  Ravager x2  
  66  4:55  Overlord x3  
  66  4:57  Extractor x2  
  65  5:00  Ravager x2  
  68  5:16  Zergling x2  
  68  5:17  Zergling x22  
  68  5:18  Zergling x6  
  83  5:22  Lair  
  83  5:24  Queen  
  83  5:26  Drone x4  
  83  5:27  Evolution Chamber  
  88  5:31  Evolution Chamber, Overlord  
  87  5:43  Drone x3  
  87  5:49  Hatchery  
  89  5:55  Zerg Missile Weapons Level 1  
  89  5:58  Zerg Ground Armor Level 1  
  66  6:12  Zergling x14  
  66  6:17  Overlord x3  
  72  6:26  Hydralisk Den  
  69  6:37  Drone x9  
  77  6:56  Overseer  
  77  6:58  Muscular Augments  
  77  6:59  Hydralisk x7  
  77  7:00  Hydralisk x3  
  77  7:01  Hydralisk  
  91  7:13  Overlord x2  
  91  7:15  Zergling x14  
  94  7:28  Drone x4  
  98  7:33  Infestation Pit  
  97  7:40  Hatchery  
  94  7:51  Drone  
  94  7:52  Drone x2  
  94  7:53  Drone  
  95  8:00  Zerg Missile Weapons Level 2  
  95  8:01  Hydralisk  
  95  8:02  Hydralisk x7  
  111  8:06  Zergling x2  
  111  8:07  Zergling x6  
  111  8:08  Zergling x2  
  113  8:14  Hatchery  
  104  8:23  Queen  
  106  8:32  Hive  
  106  8:35  Drone x4  
  106  8:39  Zergling x2  
  106  8:40  Zergling x8  
  115  8:44  Drone  
  115  8:45  Drone x2  
  115  8:46  Extractor  
  115  8:48  Zergling x2, Extractor  
  116  8:49  Zergling x24  
  129  9:02  Drone x3  
  130  9:03  Drone x6  
  103  9:19  Zergling x14  
  103  9:20  Zergling x4  
  112  9:31  Zergling x12  
  99  9:32  Zergling x2  
  103  9:44  Viper x3  
  112  9:48  Drone x3  
  112  9:50  Drone x3  
  112  9:51  Drone x2  
  120  9:56  Hydralisk  
  120  9:57  Hydralisk  
  118  10:17  Roach  
  118  10:18  Roach x6  
  132  10:27  Zergling x4  
  132  10:28  Zergling x8  
  130  10:32  Queen  
  130  10:34  Drone  
  130  10:35  Extractor x2  
  128  10:46  Roach  
  128  10:47  Roach x4  
  138  10:50  Drone x2  
  138  10:51  Drone  
  141  10:58  Drone  
  141  11:02  Overseer x2  
  142  11:06  Drone x4  
  142  11:07  Drone x2  
  148  11:12  Overlord  
  148  11:13  Overlord x2  
  134  11:30  Drone x3  
  134  11:31  Drone x3  
  134  11:32  Hydralisk x3  
  119  11:38  Drone x4  
  119  11:39  Drone  
  112  11:45  Spire  
  109  11:53  Drone x2  
  107  11:55  Drone x6  
  113  12:06  Zergling x8  
  113  12:07  Drone x2, Zergling x8  
  123  12:19  Hatchery  
  103  12:32  Roach x6  
  87  12:45  Drone x3  
  87  12:46  Drone x2  
  84  13:04  Drone  
  84  13:05  Drone x6  
  84  13:06  Drone x10  
  84  13:08  Drone  
  84  13:11  Queen  
  98  13:16  Hydralisk  
  98  13:17  Hydralisk  
  98  13:18  Hydralisk  
  101  13:33  Drone  
  108  13:36  Drone x2  
Show
View Real Time Build Order
Export as new Build Order

leetpotato Zerg 

Build Orders:  

Get SALT Encoding   

  12  0:01  Probe  
  13  0:13  Probe  
  14  0:18  Pylon  
  14  0:33  Probe  
  14  0:37  Gateway  
  14  0:41  Probe  
  16  0:54  Probe  
  17  1:06  Probe  
  18  1:15  Nexus  
  18  1:16  Probe  
  18  1:24  Probe  
  19  1:29  Pylon  
  20  1:36  Probe  
  20  1:45  Probe, Assimilator  
  21  1:49  Assimilator  
  22  1:57  Probe  
  23  2:02  Cybernetics Core  
  23  2:07  Probe  
  23  2:15  Probe  
  24  2:17  Pylon, Zealot  
  27  2:26  Probe  
  28  2:34  Probe  
  29  2:39  Warp Gate  
  29  2:41  Mothership Core  
  31  2:47  Probe  
  32  2:56  Gateway  
  32  2:57  Forge  
  32  3:00  Probe  
  32  3:02  Probe  
  34  3:08  Probe  
  35  3:15  Protoss Ground Weapons Level 1  
  35  3:16  Probe  
  35  3:17  Robotics Facility  
  36  3:20  Pylon  
  36  3:26  Probe  
  36  3:30  Probe  
  37  3:39  Probe  
  38  3:42  Probe  
  38  3:46  Sentry  
  38  3:47  Stalker  
  43  3:51  Probe  
  44  3:59  Gateway, Probe  
  44  4:01  Gateway, Assimilator  
  45  4:05  Assimilator  
  45  4:09  Warp Prism  
  47  4:13  Probe x2  
  49  4:25  Probe x2  
  49  4:27  Robotics Bay  
  51  4:37  Probe  
  51  4:38  Probe  
  53  4:49  Probe  
  53  4:50  Probe  
  55  4:52  Twilight Council  
  55  4:56  Zealot x2  
  55  4:57  Pylon  
  59  5:02  Probe  
  59  5:06  Pylon  
  60  5:10  Protoss Ground Weapons Level 2  
  60  5:15  Probe  
  60  5:16  Disruptor  
  60  5:19  Charge  
  65  5:21  Disruptor  
  65  5:36  Zealot x4  
  65  5:37  Pylon  
  65  5:41  Probe x2  
  74  5:49  Pylon  
  74  5:57  Disruptor  
  74  6:00  Stalker  
  76  6:05  Pylon  
  76  6:07  Pylon, Gravitic Drive  
  76  6:08  Zealot x3  
  76  6:19  Immortal, Probe  
  76  6:20  Probe  
  76  6:24  Zealot  
  82  6:34  Probe x2  
  84  6:46  Probe  
  85  6:52  Nexus  
  85  6:53  Sentry x4, Immortal  
  93  6:54  Pylon  
  97  7:04  Pylon  
  91  7:16  Pylon  
  91  7:18  Probe x2  
  91  7:19  Blink  
  91  7:20  Pylon  
  91  7:22  Assimilator  
  93  7:23  Protoss Ground Armor Level 1  
  93  7:26  Assimilator  
  93  7:29  Pylon  
  93  7:30  Zealot  
  93  7:31  Zealot  
  93  7:32  Immortal  
  93  7:34  Disruptor  
  93  7:35  Zealot  
  93  7:36  Stalker  
  105  7:50  Pylon  
  101  8:00  Zealot x3  
  101  8:05  Probe, Pylon  
  107  8:06  Probe x2  
  110  8:15  Pylon  
  110  8:19  Probe x3  
  107  8:29  Photon Cannon  
  107  8:30  Photon Cannon  
  107  8:31  Probe x3  
  107  8:32  Disruptor, Photon Cannon  
  110  8:35  Zealot  
  110  8:39  Sentry  
  110  8:40  Adept  
  116  8:43  Adept  
  118  8:57  Stalker  
  118  8:58  Immortal  
  118  9:01  Adept  
  122  9:03  Probe x3  
  119  9:10  Stargate  
  119  9:12  Stargate  
  119  9:15  Probe  
  119  9:16  Pylon  
  102  9:19  Zealot x2  
  102  9:20  Zealot  
  106  9:26  Disruptor, Zealot  
  102  9:35  Gateway  
  102  9:36  Protoss Ground Armor Level 2, Gateway  
  103  9:38  Gateway  
  103  9:39  Gateway  
  103  9:41  Pylon, Zealot  
  103  9:42  Zealot  
  103  9:44  Disruptor  
  107  9:48  Probe x3  
  106  9:53  Sentry x2  
  110  10:01  Void Ray  
  110  10:02  Void Ray  
  110  10:04  Adept x2  
  112  10:19  Templar Archives  
  120  10:22  Pylon  
  120  10:28  Zealot  
  122  10:29  Zealot  
  122  10:30  Zealot x2  
  122  10:33  Probe  
  122  10:34  Probe x2  
  131  10:38  Disruptor  
  131  10:42  Void Ray  
  135  10:45  Disruptor  
  139  10:52  Disruptor  
  139  10:54  Zealot x4  
  147  10:58  Disruptor  
  147  11:01  Zealot x4  
  155  11:12  Disruptor  
  155  11:14  Pylon  
  155  11:17  High Templar x2  
  155  11:18  High Templar x3  
  165  11:22  High Templar x2  
  165  11:23  Archon x2  
  162  11:30  Void Ray x2  
  160  11:38  Zealot  
  160  11:41  Archon  
  160  11:42  Probe x2  
  160  11:44  Nexus  
  160  11:46  Pylon  
  162  11:47  Pylon  
  162  11:56  Dark Shrine  
  162  11:57  Zealot x3  
  162  11:58  Nexus  
  168  12:12  Disruptor  
  168  12:17  Zealot x4  
  168  12:18  Zealot x2  
  180  12:27  Zealot x2  
  176  12:46  Zealot x6  
  176  12:47  Zealot  
  176  12:48  Observer  
  179  13:03  Photon Cannon  
  171  13:08  Photon Cannon  
  171  13:09  Photon Cannon  
  171  13:11  Photon Cannon  
  171  13:15  Assimilator  
  171  13:16  Assimilator  
  167  13:25  Dark Templar x2, Zealot  
  167  13:26  Dark Templar  
  169  13:34  Dark Templar  
  169  13:37  Zealot  
  169  13:38  Zealot  
  169  13:40  Pylon  
Show
View Real Time Build Order
Export as new Build Order

Abyss Protoss - Winner!

Build Orders:  

Get SALT Encoding   

Show
View Real Time Build Order
Export as new Build Order

Shamanas Protoss - Winner!

Build Orders:  

Get SALT Encoding   

Tags
 
Add a new tag
Caveats
  • Supply blocks, unpowered buildings, or Contaminate may cause inaccurate times.
  • Supply counts are checked every 10 seconds.